NYP
IDAHO FALLS CHUKARS @ MAHONING VALLEY SCRAPPERS
09/03/2048
 
TOP OF THE 1ST
Idaho Falls Chukars batting - Pitching for Mahoning Valley Scrappers : RHP Chris Painter
Pitching: RHP Chris Painter
Batting: RHB Ruben Luis 0-0: SINGLE (Groundball, 34D, EV 110.0 MPH)
Batting: SHB Benoît Morin 0-0: Called Strike
0-1: SINGLE (Groundball, 56D, EV 102.5 MPH)
Ruben Luis to second
Batting: RHB Chance Argy 0-0: Ball
1-0: Ball
2-0: Fly out, F8 (Flyball, 89D, EV 110.0 MPH)
Runner from 2nd tags up, SAFE at 3rd, no throw by CF
Batting: LHB Vicente Hernandez 0-0: Ball
1-0: Called Strike
1-1: Ball
2-1: Ball
3-1: Foul Ball, location: 2F
3-2: Foul Ball, location: 2F
3-2: Strikes out swinging
Batting: RHB Ian Hornsby 0-0: Called Strike
0-1: Fly out, F7 (Flyball, 7, EV 94.4 MPH)
Top of the 1st over - 0 runs, 2 hits, 0 errors, 2 left on base; Idaho Falls 0 - Mahoning Valley 0
BOTTOM OF THE 1ST
Mahoning Valley Scrappers batting - Pitching for Idaho Falls Chukars : RHP Mike Valdez
Pitching: RHP Mike Valdez
Batting: RHB Ricky Cordova 0-0: Ball
1-0: Foul Ball, location: 2F
1-1: Ball
2-1: Called Strike
2-2: Foul Ball, location: 2F
2-2: SINGLE (Flyball, 56D, EV 92.5 MPH)
Batting: RHB Aaron Stout 0-0: Called Strike
0-1: Called Strike
0-2: Strikes out swinging
Batting: LHB Ben Rubenacker 0-0: Called Strike
0-1: Called Strike
0-2: Strikes out swinging
Batting: RHB Chris Folse 0-0: Ball
Wild Pitch!
Ricky Cordova to second
1-0: Swinging Strike
1-1: Foul Ball, location: 2F
1-2: Strikes out swinging
Bottom of the 1st over - 0 runs, 1 hit, 0 errors, 1 left on base; Idaho Falls 0 - Mahoning Valley 0
TOP OF THE 2ND
Idaho Falls Chukars batting - Pitching for Mahoning Valley Scrappers : RHP Chris Painter
Batting: RHB Jimmy Mayville 0-0: Called Strike
0-1: Ball
1-1: Swinging Strike
1-2: Strikes out swinging
Batting: LHB David Bearden 0-0: Ball
1-0: Ground out 5-3 (Groundball, 25, EV 77.5 MPH)
Batting: RHB Rafael Tapia 0-0: Foul Ball, location: 2F
0-1: Foul Ball, location: 2F
0-2: Foul Ball, location: 2F
0-2: Ball
1-2: Ball
2-2: Fly out, F8 (Flyball, 8LS, EV 88.8 MPH)
Top of the 2nd over - 0 runs, 0 hits, 0 errors, 0 left on base; Idaho Falls 0 - Mahoning Valley 0
BOTTOM OF THE 2ND
Mahoning Valley Scrappers batting - Pitching for Idaho Falls Chukars : RHP Mike Valdez
Batting: LHB Dave Key 0-0: SINGLE (Groundball, 34D, EV 105.6 MPH)
Batting: SHB Travis Burnett 0-0: Called Strike
0-1: Ball
1-1: Grounds into double play, 4-6-3 (Groundball, 4D, EV 94.4 MPH)
Batting: RHB Reynaldo Herrera 0-0: Ball
1-0: Ground out U3 (Groundball, 3, EV 78.1 MPH)
Bottom of the 2nd over - 0 runs, 1 hit, 0 errors, 0 left on base; Idaho Falls 0 - Mahoning Valley 0
TOP OF THE 3RD
Idaho Falls Chukars batting - Pitching for Mahoning Valley Scrappers : RHP Chris Painter
Batting: RHB Trevor Kingston 0-0: Swinging Strike
0-1: Foul Ball, location: 2F
0-2: Ball
1-2: Foul Ball, location: 2F
1-2: Ball
2-2: Foul Ball, location: 2F
2-2: Strikes out looking
Batting: RHB Ruben Luis 0-0: Foul Ball, location: 2F
0-1: Ground out 5-3 (Groundball, 56S, EV 71.2 MPH)
Batting: SHB Benoît Morin 0-0: Foul Ball, location: 2F
0-1: Ball
1-1: Ball
2-1: Ball
3-1: Ground out 4-3 (Groundball, 34D, EV 101.2 MPH)
Top of the 3rd over - 0 runs, 0 hits, 0 errors, 0 left on base; Idaho Falls 0 - Mahoning Valley 0
BOTTOM OF THE 3RD
Mahoning Valley Scrappers batting - Pitching for Idaho Falls Chukars : RHP Mike Valdez
Batting: RHB Nick Gossman 0-0: Called Strike
0-1: Ball
1-1: Foul Ball, location: 2F
1-2: Foul Ball, location: 2F
1-2: Strikes out looking
Batting: RHB Leo Villa 0-0: Ball
1-0: Swinging Strike
1-1: Ball
2-1: Foul Ball, location: 2F
2-2: DOUBLE (Line Drive, 89D, EV 105.6 MPH)
Batting: RHB Ricky Cordova 0-0: Called Strike
0-1: Swinging Strike
0-2: Strikes out swinging
Batting: RHB Aaron Stout 0-0: Ball
1-0: Ball
2-0: Called Strike
2-1: Ball
3-1: Base on Balls
Batting: LHB Ben Rubenacker 0-0: Ball
1-0: Foul Ball, location: 2F
1-1: Ground out 4-3 (Groundball, 13, EV 81.9 MPH)
Bottom of the 3rd over - 0 runs, 1 hit, 0 errors, 2 left on base; Idaho Falls 0 - Mahoning Valley 0
TOP OF THE 4TH
Idaho Falls Chukars batting - Pitching for Mahoning Valley Scrappers : RHP Chris Painter
Now at 2B: Kevin Wiles
Batting: RHB Chance Argy 0-0: Called Strike
0-1: Ball
1-1: Foul Ball, location: 2F
1-2: Ball
2-2: Strikes out swinging
Batting: LHB Vicente Hernandez 0-0: Ball
1-0: Called Strike
1-1: SINGLE (Groundball, 13, EV 67.5 MPH) (infield hit)
Batting: RHB Ian Hornsby 0-0: Foul Ball, location: 2F
0-1: Fly out, F8 (Flyball, 8RXD, EV 96.9 MPH)
Batting: RHB Jimmy Mayville 0-0: Ball
1-0: SINGLE (Line Drive, 4MD, EV 95.6 MPH)
Vicente Hernandez to second
Runner from 2nd tries for 3rd, SAFE, throw by CF made to third
Batting: LHB David Bearden 0-0: Ground out 3-1 (Groundball, 34S, EV 88.8 MPH)
Top of the 4th over - 0 runs, 2 hits, 0 errors, 2 left on base; Idaho Falls 0 - Mahoning Valley 0
BOTTOM OF THE 4TH
Mahoning Valley Scrappers batting - Pitching for Idaho Falls Chukars : RHP Mike Valdez
Batting: RHB Chris Folse 0-0: Foul Ball, location: 2F
0-1: Ball
1-1: Hit by Pitch
Batting: LHB Dave Key 0-0: Ball
1-0: SINGLE (Groundball, 5D, EV 101.2 MPH)
Chris Folse to second
Batting: SHB Travis Burnett 0-0: SINGLE (Groundball, 25, EV 76.2 MPH) (infield hit)
Chris Folse to third
Dave Key to second
Batting: RHB Kevin Wiles 0-0: Hit by Pitch
Chris Folse scores
Dave Key to third
Travis Burnett to second
Batting: RHB Nick Gossman 0-0: Swinging Strike
0-1: Swinging Strike
0-2: Ball
1-2: Strikes out looking
Batting: RHB Leo Villa 0-0: Called Strike
0-1: Ball
1-1: DOUBLE (Line Drive, 89XD, EV 113.1 MPH)
Dave Key scores
Travis Burnett scores
Kevin Wiles to third
Batting: RHB Ricky Cordova 0-0: Ball
1-0: Called Strike
1-1: SINGLE (Groundball, 5S, EV 61.2 MPH) (infield hit)
Kevin Wiles scores
Leo Villa to third
Batting: RHB Aaron Stout 0-0: Called Strike
Ricky Cordova steals 2nd base (no throw)
0-1: Ball
Wild Pitch!
Leo Villa scores
Ricky Cordova to third
1-1: Foul Ball, location: 2F
1-2: Strikes out swinging
Batting: LHB Ben Rubenacker 0-0: Called Strike
0-1: Ball
1-1: Ground out U3 (Groundball, 3, EV 103.8 MPH)
Bottom of the 4th over - 5 runs, 4 hits, 0 errors, 1 left on base; Idaho Falls 0 - Mahoning Valley 5
TOP OF THE 5TH
Idaho Falls Chukars batting - Pitching for Mahoning Valley Scrappers : RHP Chris Painter
Batting: RHB Rafael Tapia 0-0: Ball
1-0: SINGLE (Groundball, 6MD, EV 93.8 MPH)
Batting: RHB Trevor Kingston 0-0: Ball
1-0: Ball
2-0: Foul Ball, location: 2F
2-1: Fly out, F8 (Flyball, 8LM, EV 80.6 MPH)
Batting: RHB Ruben Luis 0-0: Called Strike
0-1: Swinging Strike
0-2: Strikes out swinging
Rafael Tapia is caught stealing 2nd base 2-4
Batter strikes out.
Top of the 5th over - 0 runs, 1 hit, 0 errors, 0 left on base; Idaho Falls 0 - Mahoning Valley 5
BOTTOM OF THE 5TH
Mahoning Valley Scrappers batting - Pitching for Idaho Falls Chukars : RHP Mike Valdez
Batting: RHB Chris Folse 0-0: Ground out 4-3 (Groundball, 4, EV 81.2 MPH)
Batting: LHB Dave Key 0-0: Called Strike
0-1: Called Strike
0-2: Strikes out looking
Batting: SHB Travis Burnett 0-0: Called Strike
0-1: Called Strike
0-2: Foul Ball, location: 2F
0-2: Ball
1-2: Ball
2-2: Fly out, F7 (Flyball, 7S, EV 81.2 MPH)
Bottom of the 5th over - 0 runs, 0 hits, 0 errors, 0 left on base; Idaho Falls 0 - Mahoning Valley 5
TOP OF THE 6TH
Idaho Falls Chukars batting - Pitching for Mahoning Valley Scrappers : RHP Chris Painter
Batting: SHB Benoît Morin 0-0: Ball
1-0: Fly out, F5 (Popup, 56S, EV 70.6 MPH)
Batting: RHB Chance Argy 0-0: Ball
1-0: Called Strike
1-1: Ball
2-1: Called Strike
2-2: Foul Ball, location: 2F
2-2: Strikes out swinging
Batting: LHB Vicente Hernandez 0-0: Ground out 4-3 (Groundball, 4, EV 81.2 MPH)
Top of the 6th over - 0 runs, 0 hits, 0 errors, 0 left on base; Idaho Falls 0 - Mahoning Valley 5
BOTTOM OF THE 6TH
Mahoning Valley Scrappers batting - Pitching for Idaho Falls Chukars : RHP Mike Valdez
Pitching: RHP Francisco Reyes
Batting: RHB Kevin Wiles 0-0: Ball
1-0: Ground out 1-3 (Groundball, 13S, EV 67.5 MPH)
Batting: RHB Nick Gossman 0-0: Ball
1-0: Swinging Strike
1-1: Ball
2-1: Ground out 5-3 (Groundball, 5, EV 83.8 MPH)
Batting: RHB Leo Villa 0-0: SOLO HOME RUN (Flyball, 9D, EV 103.8 MPH), Distance : 386 ft
Batting: RHB Ricky Cordova 0-0: Foul Ball, location: 2F
0-1: Ball
1-1: Ball
2-1: Foul Ball, location: 2F
2-2: Foul Ball, location: 2F
2-2: Reached on error, E5 (Groundball, 5, EV 93.8 MPH)
Batting: RHB Aaron Stout 0-0: Fly out, F8 (Flyball, 78D, EV 94.4 MPH)
Bottom of the 6th over - 1 run, 1 hit, 1 error, 1 left on base; Idaho Falls 0 - Mahoning Valley 6
TOP OF THE 7TH
Idaho Falls Chukars batting - Pitching for Mahoning Valley Scrappers : RHP Chris Painter
Batting: RHB Ian Hornsby 0-0: Ball
1-0: Swinging Strike
1-1: Foul Ball, location: 2F
1-2: Ball
2-2: Strikes out looking
Batting: RHB Jimmy Mayville 0-0: Ground out U3 (Groundball, 34, EV 89.4 MPH)
Batting: LHB David Bearden 0-0: Called Strike
0-1: Ball
1-1: Ball
2-1: Ball
3-1: Called Strike
3-2: Foul Ball, location: 2F
3-2: SINGLE (Line Drive, 6D, EV 95.0 MPH)
Batting: RHB Rafael Tapia 0-0: Ball
1-0: Ball
2-0: SINGLE (Groundball, 34S, EV 81.2 MPH) (infield hit)
David Bearden to second
Batting: RHB Trevor Kingston 0-0: Called Strike
0-1: Ball
1-1: Called Strike
1-2: Ball
2-2: Strikes out swinging
Top of the 7th over - 0 runs, 2 hits, 0 errors, 2 left on base; Idaho Falls 0 - Mahoning Valley 6
BOTTOM OF THE 7TH
Mahoning Valley Scrappers batting - Pitching for Idaho Falls Chukars : RHP Francisco Reyes
Batting: LHB Ben Rubenacker 0-0: Ground out 6-3 (Groundball, 6, EV 87.5 MPH)
Batting: RHB Chris Folse 0-0: Foul Ball, location: 2F
0-1: Ball
1-1: Foul Ball, location: 2F
1-2: Strikes out swinging
Batting: LHB Dave Key 0-0: Ball
1-0: Ball
2-0: Called Strike
2-1: Ball
3-1: Foul Ball, location: 2F
3-2: Base on Balls
Batting: SHB Travis Burnett 0-0: Foul Ball, location: 2F
0-1: Ball
1-1: Ball
2-1: Ball
3-1: Foul Ball, location: 2F
3-2: Base on Balls
Dave Key to second
Batting: RHB Kevin Wiles 0-0: Ball
1-0: Foul Ball, location: 2F
1-1: Ball
2-1: Ball
3-1: Base on Balls
Dave Key to third
Travis Burnett to second
Batting: RHB Nick Gossman 0-0: SINGLE (Line Drive, 89S, EV 95.6 MPH)
Dave Key scores
Travis Burnett to third
Kevin Wiles to second
Runner from 3rd tries for Home, SAFE, throw by RF to home
Batting: RHB Leo Villa 0-0: Called Strike
0-1: SINGLE (Groundball, 4MD, EV 102.5 MPH)
Kevin Wiles to third
Nick Gossman to second
Runner from 3rd tries for Home, SAFE, throw by CF to home
Batting: RHB Ricky Cordova 0-0: Called Strike
0-1: Called Strike
0-2: Foul Ball, location: 2F
0-2: Fielders Choice at 2nd, 6-4 (Groundball, 6, EV 108.8 MPH)
Bottom of the 7th over - 3 runs, 2 hits, 0 errors, 2 left on base; Idaho Falls 0 - Mahoning Valley 9
TOP OF THE 8TH
Idaho Falls Chukars batting - Pitching for Mahoning Valley Scrappers : RHP Chris Painter
Batting: RHB Ruben Luis 0-0: Ground out 4-3 (Groundball, 4, EV 81.2 MPH)
Pinch Hitting: RHB Dave Saldana 0-0: DOUBLE (Line Drive, 89XD, EV 105.0 MPH)
Batting: RHB Chance Argy 0-0: Swinging Strike
0-1: Ball
1-1: Foul Ball, location: 2F
1-2: Foul Ball, location: 2F
1-2: Strikes out swinging
Pinch Hitting: RHB Bill Cranton 0-0: Called Strike
0-1: Ball
1-1: Fly out, F8 (Line Drive, 8RS, EV 90.6 MPH)
Top of the 8th over - 0 runs, 1 hit, 0 errors, 1 left on base; Idaho Falls 0 - Mahoning Valley 9
BOTTOM OF THE 8TH
Mahoning Valley Scrappers batting - Pitching for Idaho Falls Chukars : RHP Francisco Reyes
Now at 1B: Chris Stec
Now in CF: Dave Saldana
Batting: RHB Aaron Stout 0-0: Called Strike
0-1: Hit by Pitch
Pitching: LHP Dustin Waller
Batting: LHB Ben Rubenacker 0-0: Ball
1-0: Ball
2-0: Called Strike
2-1: Foul Ball, location: 2F
2-2: Ball
3-2: Base on Balls
Aaron Stout to second
Batting: RHB Chris Folse 0-0: Ball
1-0: Called Strike
1-1: Ball
2-1: Called Strike
2-2: SINGLE (Flyball, 8LS, EV 93.1 MPH)
Aaron Stout to third
Ben Rubenacker to second
Batting: LHB Dave Key 0-0: Foul Ball, location: 2F
0-1: Foul Ball, location: 2F
0-2: Grounds into double play, 6-4-3 (Groundball, 6, EV 85.6 MPH)
Aaron Stout scores
Ben Rubenacker to third
Batting: SHB Travis Burnett 0-0: Called Strike
0-1: Ball
1-1: Foul Ball, location: 2F
1-2: Foul Ball, location: 2F
1-2: Ball
2-2: Ground out U3 (Groundball, 3, EV 91.2 MPH)
Bottom of the 8th over - 1 run, 1 hit, 0 errors, 1 left on base; Idaho Falls 0 - Mahoning Valley 10
TOP OF THE 9TH
Idaho Falls Chukars batting - Pitching for Mahoning Valley Scrappers : RHP Chris Painter
Pitching: RHP Oscar Alvarado
Now in LF: Devon Grant
Batting: RHB Ian Hornsby 0-0: Swinging Strike
0-1: Swinging Strike
0-2: Strikes out swinging
Batting: RHB Jimmy Mayville 0-0: Swinging Strike
0-1: Swinging Strike
0-2: Ball
1-2: Foul Ball, location: 2F
1-2: Ball
2-2: Foul Ball, location: 2F
2-2: Foul Ball, location: 2F
2-2: Strikes out swinging
Batting: LHB David Bearden 0-0: Ball
1-0: Called Strike
1-1: Foul Ball, location: 2F
1-2: Ball
2-2: Foul Ball, location: 2F
2-2: Strikes out swinging
Top of the 9th over - 0 runs, 0 hits, 0 errors, 0 left on base; Idaho Falls 0 - Mahoning Valley 10
Tuesday, March 28th , 2023 - OOTP Baseball 23.10 Build 110